 Dungeon Crawl Stone Soup version 0.26.1-2-gb8aa6d0cf2 (webtiles) character file.

Game seed: 3718893340961688522

957 Descartes the Chiller (level 7, -5/38 HPs)
             Began as a Deep Elf Wanderer on Mar 3, 2021.
             Was an Initiate of Vehumet.
             Slain by an ogre
             ... wielding a +0 giant club
              (14 damage)
             ... on level 4 of the Dungeon.
             The game lasted 00:13:19 (6432 turns).

Descartes the Chiller (Deep Elf Wanderer)           Turns: 6432, Time: 00:13:20

Health: -5/38      AC:  6    Str:  8    XL:     7   Next: 91%
Magic:  6/15       EV: 11    Int: 22    God:    Vehumet [......]
Gold:   207        SH:  0    Dex: 12    Spells: 9/14 levels left

rFire    . . .     SeeInvis .   x - +4 quarterstaff (chaos)
rCold    . . .     Faith    .   (shield currently unavailable)
rNeg     . . .     Spirit   .   G - +0 leather armour
rPois    .         Reflect  .   (no helmet)
rElec    .         Harm     .   y - +0 cloak
rCorr    .         Rampage  .   H - +0 pair of gloves
Will     .....                  e - +0 pair of boots
Stlth    ++........             (no amulet)
HPRegen  0.12/turn              (no ring)
MPRegen  0.14/turn              (no ring)

@: very slightly contaminated
A: no striking features
a: Renounce Religion


You were on level 4 of the Dungeon.
You worshipped Vehumet.
Vehumet was noncommittal.
You visited 2 branches of the dungeon, and saw 5 of its levels.

You collected 207 gold pieces.

Inventory:

Hand Weapons
 s - a +2 dagger of venom
 x - a +4 quarterstaff of chaos (weapon)
 z - a +0 mace of protection
Missiles
 f - 34 poisoned darts (quivered)
 g - 132 stones
 n - 107 arrows
 u - 8 curare-tipped darts
Armour
 e - a +0 pair of boots (worn)
 y - a +0 cloak (worn)
 A - a +0 tower shield
 C - a +0 kite shield
 D - a +4 scale mail
 G - a +0 leather armour (worn)
 H - a +0 pair of gloves (worn)
Wands
 d - a wand of iceblast (6)
 w - a wand of disintegration (8)
Scrolls
 b - 3 scrolls of teleportation {unknown}
 i - 2 scrolls of identify {unknown}
 j - a scroll of noise {unknown}
 l - a scroll of fear {unknown}
 p - 2 scrolls of remove curse {unknown}
 r - a scroll of enchant armour {unknown}
 v - a scroll of immolation {unknown}
 B - a scroll of blinking {unknown}
Potions
 c - a potion of lignification
 m - 2 potions of berserk rage {unknown}
 o - 2 potions of curing {unknown}
 t - a potion of ambrosia {unknown}
 E - a potion of haste
 F - a potion of brilliance {unknown}
 I - a potion of attraction {unknown}
 J - a potion of flight {unknown}


   Skills:
 - Level 1.0 Fighting
 - Level 1.2 Dodging
 - Level 2.4 Stealth
 * Level 4.7 Shields
 - Level 4.4 Spellcasting
 + Level 1.8 Conjurations
 + Level 5.0 Ice Magic
 - Level 5.0 Air Magic


You had 9 spell levels left.
You knew the following spells:

 Your Spells              Type           Power        Failure   Level
a - Shock                 Conj/Air       76%          3%          1
b - Freeze                Ice            100%         1%          1
c - Frozen Ramparts       Ice            52%          6%          3

Your spell library contained the following spells:

 Spells                   Type           Power        Failure   Level
 Ozocubu's Armour         Ice            26%          6%          3
 Mephitic Cloud           Conj/Pois/Air  14%          19%         3
 Hailstorm                Conj/Ice       19%          36%         4
 Summon Ice Beast         Ice/Summ       15%          50%         4


Dungeon Overview and Level Annotations

Branches:
Dungeon (4/15)             Temple (1/1) D:4

Altars:
Ashenzari
Cheibriados
Dithmenos
Elyvilon
Gozag
Kikubaaqudgha
Okawaru
Sif Muna
Trog
Uskayaw
Vehumet
Wu Jian
Xom
Yredelemnul
Zin
The Shining One


Message History

Confirm with . or Enter, or press ? or * to list all spells.
Aiming: Shock (safe; 3% risk of failure)
Press: ? - help, Shift-Dir - straight line, f/p - ogre
Aim: an ogre, wielding a +0 giant club (lightly wounded, 14% to evade)
The zap hits the ogre.
The ogre is moderately wounded.
The ogre hits you with a +0 giant club!
Casting: Shock (safe; 3% risk of failure)
Confirm with . or Enter, or press ? or * to list all spells.
Aiming: Shock (safe; 3% risk of failure)
Press: ? - help, Shift-Dir - straight line, f/p - ogre
Aim: an ogre, wielding a +0 giant club (moderately wounded, 14% to evade)
You miscast Shock.
You are very lightly contaminated with residual magic.
Nothing appears to happen.
The ogre hits you with a +0 giant club!!
* * * LOW HITPOINT WARNING * * *
There is a stone staircase leading up here.
The ogre hits you with a +0 giant club!
You die...

......#### ......#
...##.# ...##.#
....#)# ###.#.# #
#...# # ##..# ###
####..♣♣♣ ♣@###
^.###.♣P♣♣♣♣♣♣♣♣O..#
#PP.#÷.............#
..P##.♣♣.♣P♣♣.♣♣)....#
#####.♣♣♣♣♣♣♣♣♣♣....##
# #.. .....# # ...
.....# ..## ........
...# #####...#


You could see an ogre.

Vanquished Creatures
  3 phantoms (D:4)
  5 scorpions (D:4)
  A hound (D:4)
  Crazy Yiuf (D:2)
  Natasha (thrice) (D:2)
  An orc wizard (D:3)
  A worker ant (D:4)
  A hound skeleton (D:4)
  A howler monkey skeleton (D:4)
  A gnoll (D:1)
  10 adders
  5 oozes
  4 worms
  3 dart slugs
  4 leopard geckos
  8 orcs
  8 bats
  A giant cockroach (D:3)
  10 goblins
  10 hobgoblins
  8 jackals
  5 frilled lizards
  8 kobolds
  5 rats
107 creatures vanquished.

Vanquished Creatures (others)
  4 fungi (D:4)
  2 plants
6 creatures vanquished.

Grand Total: 113 creatures vanquished

Notes
Turn   | Place    | Note
-------+----------+-------------------------------------------
     0 | D:1      | Descartes the Deep Elf Wanderer began the quest for the
                  | Orb.
     0 | D:1      | Descartes set off with the following items: a +0 dagger, a
                  | potion of lignification, a +0 robe; and the following
                  | spells available to memorise: Freeze, Shock, Frozen
                  | Ramparts, Ozocubu's Armour, Mephitic Cloud, Hailstorm,
                  | Summon Ice Beast
     0 | D:1      | Reached XP level 1. HP: 12/12 MP: 7/7
     2 | D:1      | Learned a level 1 spell: Freeze
     4 | D:1      | Learned a level 1 spell: Shock
   383 | D:1      | Reached XP level 2. HP: 16/16 MP: 6/9
  1093 | D:1      | Reached XP level 3. HP: 17/20 MP: 4/10
  1679 | D:2      | Noticed Natasha
  1686 | D:2      | Killed Natasha
  1687 | D:2      | Reached XP level 4. HP: 17/25 MP: 3/12
  1785 | D:2      | Noticed Natasha
  1790 | D:2      | Killed Natasha
  2245 | D:2      | Noticed Natasha
  2252 | D:2      | Killed Natasha
  2253 | D:2      | Reached XP level 5. HP: 14/29 MP: 8/13
  2990 | D:2      | Found a runed translucent door.
  2991 | D:2      | Noticed Crazy Yiuf
  2999 | D:2      | Killed Crazy Yiuf
  3783 | D:3      | Reached XP level 6. HP: 22/34 MP: 6/14
  4077 | D:3      | Found a glowing golden altar of the Shining One.
  5013 | D:4      | Reached skill level 5 in Ice Magic
  5283 | D:4      | Found a staircase to the Ecumenical Temple.
  5290 | Temple   | Entered the Ecumenical Temple
  5356 | Temple   | Became a worshipper of Vehumet
  5384 | D:4      | Reached skill level 5 in Air Magic
  5384 | D:4      | Reached XP level 7. HP: 38/38 MP: 8/15
  6099 | D:4      | Reached skill level 1 in Conjurations
  6112 | D:4      | Learned a level 3 spell: Frozen Ramparts
  6432 | D:4      | Slain by an ogre

Illustrated notes

Levels and vault maps discovered:
D:1:      minmay_arrival_four_circles, layout_basic
D:2:      layout_basic, serial_forest, infiniplex_forest_straight_2,
          infiniplex_forest_clump_small, infiniplex_forest_straight_4,
          infiniplex_forest_clump_tiny, uniq_natasha, uniq_crazy_yiuf_cottage
D:3:      minmay_angry_zag, layout_basic, overflow_temple_1_default
D:4:      old_forge, layout_basic, minmay_temple_entry_gardened_gates,
          serial_forest, infiniplex_forest_straight_2,
          infiniplex_forest_straight_5, infiniplex_forest_clump_double,
          infiniplex_forest_end_1, infiniplex_forest_lined_2,
          infiniplex_forest_zigzag_1, infiniplex_forest_clump_small
Temple:   eino_wide_crystal_templ

Skill      XL: |  1  2  3  4  5  6  7 |
---------------+----------------------+-----
Ice Magic      | 2 3 4 5 |  5.0
Air Magic      | 2 3 4 5 |  5.0
Shields        | 2 4 |  4.7
Conjurations   | 1 |  1.8
Fighting       | |  1.0
Dodging        | |  1.2
Stealth        | |  2.4
Spellcasting   | |  4.4

Action                   |  1- 3 |  4- 6 |  7- 9 || total
-------------------------+-------+-------+-------++-------
Melee: Dagger            |       |     2 |       ||     2
       Quarterstaff      |       |    17 |     8 ||    25
 Cast: Shock             |    69 |   181 |    58 ||   308
       Freeze            |    15 |    11 |    17 ||    43
 Stab: Paralysed         |       |     1 |       ||     1
Armor: Robe              |       |    15 |       ||    15
       Leather armour    |       |       |     7 ||     7
Dodge: Dodged            |     8 |    47 |    15 ||    70
